 Dungeon Crawl Stone Soup version 0.21.1-1-g345015fe64 (webtiles) character file.

224 LisaTheBanana the Shield-Bearer (level 6, 0/48 HPs)
             Began as a Formicid Fighter on Apr 8, 2018.
             Killed by nerve-wracking pain
             ... invoked by a shadow imp
              (2 damage)
             ... on level 5 of the Dungeon.
             The game lasted 00:08:47 (1998 turns).

LisaTheBanana the Shield-Bearer (Formicid Fighter)  Turns: 1998, Time: 00:08:48

Health: 0/48       AC:  4    Str: 27    XL:     6   Next: 20%
Magic:  6/6        EV: 10    Int:  8    God:
Gold:   153        SH: 10    Dex: 10    Spells: 5/5 levels left

rFire    . . .     SeeInvis +   a - +0 flail
rCold    . . .     Gourm    .   c - +0 shield
rNeg     . . .     Faith    .   j - +0 leather armour (curse)
rPois    .         Spirit   .   (helmet unavailable)
rElec    .         Reflect  .   (no cloak)
rCorr    .         Harm     .   (no gloves)
MR       .....                  n - +0 pair of boots
Stlth    +.........             (no amulet)
HPRegen  0.16/turn              (no ring)
MPRegen  0.10/turn              (no ring)

@: mighty, lethally poisoned (0 -> -2)
A: permanent stasis, dig shafts and tunnels, four strong arms, antennae 3
a: Dig, Shaft Self


You were on level 5 of the Dungeon.
You were hungry.

You visited 1 branch of the dungeon, and saw 4 of its levels.

You collected 153 gold pieces.

Inventory:

Hand Weapons
 a - a +0 flail (weapon)
Armour
 b - a +0 scale mail
 c - a +0 shield (worn)
 e - a +0 robe of magic resistance
 j - a cursed +0 leather armour (worn)
 k - a cursed -2 ring mail
 m - a +0 plate armour
 n - a +0 pair of boots (worn)
Jewellery
 l - a cursed ring of teleportation {unknown}
 p - an uncursed ring of resist corrosion {unknown}
Scrolls
 h - 2 scrolls of enchant armour {unknown}
 i - a scroll of immolation {unknown}
 o - 2 scrolls of identify {unknown}
 q - a scroll of fear {unknown}
 r - a scroll of amnesia {unknown}
Comestibles
 f - 8 rations


   Skills:
 + Level 4.1 Fighting
 + Level 3.8 Maces & Flails
 + Level 4.3 Armour
 + Level 1.2 Dodging
 + Level 0.5 Stealth
 + Level 4.7 Shields


You had 5 spell levels left.
You didn't know any spells.

Dungeon Overview and Level Annotations

Branches:
Dungeon (3/15)

Altars:


Innate Abilities, Weirdness & Mutations

You cannot be hasted, slowed, berserked, paralysed or teleported.
You can dig through walls and to a lower floor.
Your four strong arms can wield two-handed weapons with a shield.
You have a pair of large antennae on your head. (SInv)


Message History

You feel sick. The worker ant bites you.
* * * LOW HITPOINT WARNING * * *
You block the shadow imp's attack.
You barely miss the shadow imp. The worker ant barely misses you.
You block the shadow imp's attack.
Unknown command.
You thump the shadow imp!
The shadow imp is severely wounded.
You feel sick. You block the worker ant's attack.
The shadow imp shouts, "Take thy face hence, thou bootless nose-picking dandiprat!"
You block the shadow imp's attack. The worker ant bites you.
* * * LOW HITPOINT WARNING * * *
You closely miss the shadow imp.
The shadow imp is severely wounded.
The shadow imp hits you.
* * * LOW HITPOINT WARNING * * *
You block the worker ant's attack. The shadow imp gestures at you.
Pain shoots through your body!
You die...

...## ..... ####
... ####
#$.##...##.(#
#...##.##...#
#@5.#.#.†.##
##a'#.#'.##
###...###
........8........
#...###...###....
#. +#.#+ .. {
#.#{{ { #.# { {
...


You could see a worker ant and a shadow imp.

Vanquished Creatures
  A centaur (D:5)
  A crimson imp (D:5)
  A jelly (D:5)
  An adder (D:2)
  2 oozes
  An adder zombie (D:5)
  6 dart slugs
  An orc (D:3)
  A ball python (D:1)
  A giant cockroach (D:2)
  9 goblins
  5 hobgoblins
  A quokka (D:2)
  4 bats
  6 frilled lizards
  7 kobolds
  6 rats
  6 plants (D:2)
60 creatures vanquished.

Notes
Turn   | Place    | Note
-------+----------+-------------------------------------------
     0 | D:1      | LisaTheBanana the Formicid Fighter began the quest for the Orb.
     0 | D:1      | Reached XP level 1. HP: 18/18 MP: 1/1
    86 | D:1      | Reached XP level 2. HP: 21/24 MP: 2/2
   259 | D:1      | Reached XP level 3. HP: 27/29 MP: 3/3
   815 | D:2      | Reached XP level 4. HP: 16/37 MP: 4/4
  1908 | D:3      | Noticed a gnoll sergeant
  1914 | D:3      | You fall through a shaft for 2 floors!
  1914 | D:5      | Entered Level 5 of the Dungeon
  1924 | D:5      | Reached XP level 5. HP: 32/42 MP: 5/5
  1936 | D:5      | Noticed a centaur
  1965 | D:5      | Killed a centaur
  1965 | D:5      | Reached skill level 1 in Dodging
  1965 | D:5      | Reached XP level 6. HP: 15/48 MP: 6/6
  1998 | D:5      | HP: 2/48 [shadow imp (3)]
  1998 | D:5      | Killed from afar by a shadow imp

Skill      XL: |  1  2  3  4  5 |
---------------+----------------+-----
Shields        | 4 |  4.7
Armour         | 4 |  4.3
Maces & Flails | 3 |  3.8
Fighting       | 4 |  4.1
Dodging        | 1 |  1.2
Stealth        | |  0.5

Action                   |  1- 3 |  4- 6 || total
-------------------------+-------+-------++-------
Melee: Flail             |   124 |   275 ||   399
 Abil: Shaft Self        |       |     1 ||     1
  Use: Scroll            |     2 |       ||     2
       Potion            |       |     2 ||     2
  Eat: Ration            |       |     1 ||     1
       Chunk             |       |     1 ||     1
Armor: Scale mail        |    50 |       ||    50
       Leather armour    |     2 |    25 ||    27
Dodge: Dodged            |    55 |    60 ||   115
Block: Shield            |    67 |    65 ||   132
